 Dungeon Crawl Stone Soup version 0.30.1-11-g7821555f0a (webtiles) character file.

Game seed: 4989113143473131249

25954 Cheops the Spear-Bearer (level 13, -5/94 HPs)
             Began as a Merfolk Gladiator on Nov 14, 2023.
             Was a Priest of Makhleb.
             Slain by Frances
             ... wielding a +2 dire flail of protection
              (27 damage)
             ... on level 12 of the Dungeon.
             The game lasted 00:40:57 (19833 turns).

Cheops the Spear-Bearer (Merfolk Gladiator)        Turns: 19833, Time: 00:40:58

Health: -5/94      AC: 24    Str: 17    XL:     13   Next: 22%
Magic:  22/22      EV: 14    Int: 11    God:    Makhleb [***...]
Gold:   515        SH: 16    Dex: 18    Spells: 12/12 levels left

rFire   . . .        a - +6 demon trident "Giant's Funeral" {elec, Dex+2}
rCold   + . .        w - +2 kite shield
rNeg    . . .        S - +5 chain mail of Qiackarph {SInv}
rPois   .            c - +2 helmet
rElec   .            o - +2 cloak
rCorr   .            (no gloves)
SInv    +            Z - +0 pair of boots "Cias Hot" {rF+ Int+2 Stlth+}
Will    .....        l - amulet of the acrobat Stlth
                     y - ring of ice
HPRegen 0.35/turn    I - +5 ring of evasion
MPRegen 0.18/turn

%: acrobat
@: no status effects
A: (nimble swimmer 2), mertail, see invisible
a: Renounce Religion, Minor Destruction, Lesser Servant of Makhleb


You were on level 12 of the Dungeon.
You worshipped Makhleb.
Makhleb was most pleased with you.
You visited 2 branches of the dungeon, and saw 15 of its levels.

You collected 1043 gold pieces.
You spent 528 gold pieces at shops.

Inventory:

Hand Weapons
 a - the +6 demon trident "Giant's Funeral" (weapon) {elec, Dex+2}
   (You acquired it on level 3 of the Dungeon)

   Dex:       It affects your dexterity (+2).
 b - the +8 spear of Lies {freeze, *Rage Str+4 Dex+3}
   (You bought it in a shop on level 9 of the Dungeon)

   Str:       It affects your strength (+4).
   Dex:       It affects your dexterity (+3).
   *Rage:     It berserks you when you make melee attacks (+20% chance).
 j - a +0 scythe of venom
 k - a +0 trident
 T - the +5 spear of Cedut {flame, rN++ Str+3}
   (You took it off a spriggan on level 10 of the Dungeon)

   Str:       It affects your strength (+3).
   rN:        It greatly protects you from negative energy.
Missiles
 d - 7 throwing nets
 e - 4 javelins
Armour
 c - a +2 helmet (worn)
 o - a +2 cloak (worn)
 w - a +2 kite shield (worn)
 F - a +2 robe of cold resistance
 N - +0 shadow dragon scales
 P - a +3 chain mail of fire resistance
 S - the +5 chain mail of Qiackarph (worn) {SInv}
   (You took it off a gnoll on level 10 of the Dungeon)

   SInv:      It lets you see invisible.
 W - the +2 ring mail of the Howling Gods {rElec rPois}
   (You found it on level 11 of the Dungeon)

   rElec:     It insulates you from electricity.
   rPois:     It protects you from poison.
 Z - the +0 pair of boots "Cias Hot" (worn) {rF+ Int+2 Stlth+}
   (You bought it in a shop on level 14 of the Dungeon)

   Int:       It affects your intelligence (+2).
   rF:        It protects you from fire.
   Stlth:     It makes you more stealthy.
Jewellery
 l - an amulet of the acrobat (around neck)
 m - a ring of positive energy
 y - a ring of ice (left hand)
 H - a ring of magical power
 I - a +5 ring of evasion (right hand)
 R - a ring of flight
 U - a ring of willpower
Wands
 Q - a wand of roots (9)
 X - a wand of charming (3)
 Y - a wand of flame (22)
Scrolls
 h - 11 scrolls of amnesia
 i - 2 scrolls of enchant weapon
 q - 5 scrolls of teleportation
 r - a scroll of acquirement
 s - 2 scrolls of poison
 v - a scroll of immolation
 x - a scroll of summoning
 G - a scroll of fear
 K - 2 scrolls of fog
 L - 2 scrolls of blinking
Potions
 f - 2 potions of cancellation {unknown}
 g - 11 potions of curing {unknown}
 n - 3 potions of brilliance {unknown}
 p - 2 potions of degeneration {unknown}
 t - 6 potions of attraction
 u - 3 potions of magic {unknown}
 z - 5 potions of lignification
 A - 2 potions of might
 B - 2 potions of resistance {unknown}
 C - a potion of invisibility
 D - 5 potions of haste {unknown}
 E - 4 potions of ambrosia {unknown}
 J - a potion of berserk rage
 M - a potion of heal wounds


   Skills:
 - Level 6.5 Fighting
 - Level 14.0 Polearms
 - Level 2.0 Throwing
 - Level 8.0 Armour
 - Level 4.0 Dodging
 - Level 14.0 Shields
 * Level 12.2 Invocations


You had 12 spell levels left.
You didn't know any spells.
Your spell library contained the following spells:

 Spells                   Type           Power      Damage    Failure   Level
 Sandblast                Erth           0%         2d4       99%         1
 Ensorcelled Hibernation  Hex/Ice        0%         N/A       100%        2
 Lesser Beckoning         Tloc           0%         N/A       100%        2
 Passwall                 Tmut/Erth      0%         N/A       100%        2
 Static Discharge         Conj/Air       0%         2-2/arc   100%        2
 Gell's Gravitas          Tloc           0%         N/A       100%        3
 Spider Form              Tmut/Pois      0%         N/A       100%        3
 Stone Arrow              Conj/Erth      0%         3d7       100%        3
 Teleport Other           Tloc           0%         N/A       100%        3
 Airstrike                Air            0%         2d(0-16)  100%        4
 Anguish                  Hex/Necr       0%         N/A       100%        4
 Animate Armour           Summ/Erth      0%         N/A       100%        4
 Summon Lightning Spire   Summ/Air       0%         N/A       100%        4
 Blade Hands              Tmut           0%         N/A       100%        5
 Summon Forest            Summ/Tloc      0%         N/A       100%        5
 Summon Mana Viper        Hex/Summ       0%         N/A       100%        5
 Iron Shot                Conj/Erth      0%         9d1       100%        6
 Summon Cactus Giant      Summ           0%         N/A       100%        6
 Lehudib's Crystal Spear  Conj/Erth      0%         10d2      100%        8


Dungeon Overview and Level Annotations

Branches:
Dungeon (14/15)            Temple (1/1) D:6            Lair (0/5) D:10
    Orc (0/2) D:10
 Vaults: D:13-14

Altars:
Ashenzari
Cheibriados
Dithmenos
Elyvilon
Fedhas
Gozag
Hepliaklqana
Kikubaaqudgha
Makhleb
Nemelex Xobeh
Okawaru
Qazlal
Ru
Sif Muna
Trog
Uskayaw
Vehumet
Wu Jian
Xom
Yredelemnul
Zin
The Shining One

Shops:
D:4 *   D:9 (   D:10 *   D:14 [

Portals:
Trove: D:10 (give 6 potions of haste)

Annotations:
D:12 Frances


Innate Abilities, Weirdness & Mutations

((You are very nimble when in or above water. (Stealth+, EV+, Speed+++)))
Your lower body shifts to a powerful aquatic tail in water.
You have supernaturally acute eyesight. (SInv)


Message History

Frances is lightly wounded.
Frances whispers indecipherable words.
Frances seems to speed up.
Reach: a) +6 demon trident "Giant's Funeral" {elec, Dex+2}
Press: ? - help, Dir - move target, f/p - Frances
Aim: Frances, wielding a +2 dire flail of protection and wearing a +0 scale mail (lightly wounded, fast, about 24% to evade the +6 demon trident "Giant's Funeral")
You reach to attack!
You puncture Frances!
Frances is moderately wounded.
You puncture Frances!
Frances is moderately wounded.
Frances hits you with a +2 dire flail of protection!
You barely miss Frances.
Frances is moderately wounded.
Frances barely misses you.
You puncture Frances!
Frances is moderately wounded.
Frances screams a word of power!
You puncture Frances!
Frances is moderately wounded.
Frances misses you. The sixfirhy hits you! The sixfirhy shocks you!
You hit Frances but do no damage.
Frances is moderately wounded.
You block the sixfirhy's attack. The sixfirhy hits you.
The sixfirhy shocks you!
* * * LOW HITPOINT WARNING * * *
Frances hits you with a +2 dire flail of protection!
* * * LOW HITPOINT WARNING * * *
You hit Frances but do no damage.
Frances is moderately wounded.
The sixfirhy hits you.
* * * LOW HITPOINT WARNING * * *
The sixfirhy shocks you!
* * * LOW HITPOINT WARNING * * *
The sixfirhy barely misses you. Frances closely misses you.
You block the sixfirhy's attack.
You hit Frances.
Frances is moderately wounded.
You block the sixfirhy's attack. x2
Frances hits you with a +2 dire flail of protection!!
You die...

### #.....#......
#.##.........#########.
#.##...................
#.##..................
##.##........[.......#
.#.##............4...##
...##...<.......3@....#
#..##........###@#
....'...######...#
#####...######.######
......................
.....##...####.############
....[+............))......#
.....####..#.############.#
#.....####...#
#.###.#.....>#


You could see Frances (fast), a rust devil (summoned) and a sixfirhy (summoned).

Vanquished Creatures
  Gastronok (D:8)
  Nessos (D:14)
  Azrael (D:14)
  Josephine (D:12)
  A catoblepas (D:14)
  4 centaur warriors (D:14)
  5 tengu warriors
  2 two-headed ogres
  Lodul (D:10)
  The ghost of Brisketman the Gouger, a novice FeEn of Dithmenos (D:10)
  A manticore (D:9)
  2 cyclopes
  An ice statue (D:10)
  3 trolls
  2 meliai (D:14)
  Sigmund (D:3)
  6 slime creatures (D:13)
  2 wyverns (D:9)
  2 spriggans (D:10)
  A shadow (D:10)
  4 wraiths
  8 humans (D:14)
  A fire elemental (D:14)
  11 yaks
  3 steam dragons (D:9)
  12 vampire mosquitoes
  3 swamp worms (D:8)
  3 hell hounds (D:14)
  5 orc warriors
  3 black bears
  A sky beast (D:8)
  11 ogres
  9 centaurs
  3 phantoms
  6 kobold brigands
  2 bullfrogs (D:8)
  5 gnoll sergeants
  2 scorpions (D:5)
  A killer bee (D:5)
  7 howler monkeys
  3 electric eels
  2 hounds
  2 jellies
  2 orc priests
  2 gnoll boudas
  7 iguanas
  12 orc wizards
  16 gnolls
  7 adders
  3 white imps
  2 ufetubi (D:5)
  2 worms
  8 dart slugs
  41 orcs
  6 ball pythons
  8 endoplasms
  5 giant cockroaches
  9 goblins
  6 hobgoblins
  4 jackals (D:1)
  24 kobolds
  6 quokkas
  7 bats
  7 frilled lizards
  4 rats
334 creatures vanquished.

Vanquished Creatures (others)
  A meliai (D:14)
  2 gnolls (D:10)
3 creatures vanquished.

Grand Total: 337 creatures vanquished

Notes
Turn   | Place    | Note
-------+----------+-------------------------------------------
     0 | D:1      | Cheops the Merfolk Gladiator began the quest for the Orb.
     0 | D:1      | Reached XP level 1. HP: 16/16 MP: 1/1
    83 | D:1      | Reached XP level 2. HP: 23/23 MP: 2/2
   255 | D:1      | Reached skill level 5 in Polearms
   285 | D:1      | Reached XP level 3. HP: 28/28 MP: 3/3
   712 | D:1      | Found a faded altar of an unknown god.
  1046 | D:2      | Reached XP level 4. HP: 35/35 MP: 4/4
  1183 | D:2      | Identified the +1 robe "Umasot" {rPois Int-3 Dex+6}
  2332 | D:3      | Noticed Sigmund
  2333 | D:3      | Gained mutation: You have supernaturally acute eyesight.
                  | (SInv) [potion of mutation]
  2344 | D:3      | Killed Sigmund
  2345 | D:3      | Reached XP level 5. HP: 41/41 MP: 5/5
  2345 | D:3      | Reached XP level 6. HP: 47/47 MP: 6/6
  2677 | D:3      | Identified 2 scrolls of acquirement
  2678 | D:3      | Acquired a manual of Shields
  2680 | D:3      | Acquired the +6 demon trident "Giant's Funeral" {elec,
                  | Dex+2}
  3290 | D:4      | Found Vyinozxe's General Store.
  3568 | D:5      | Entered Level 5 of the Dungeon
  3684 | D:5      | Reached XP level 7. HP: 52/52 MP: 7/7
  3698 | D:5      | Reached skill level 10 in Polearms
  4002 | D:5      | Reached skill level 1 in Shields
  4018 | D:5      | Noticed a yak
  4031 | D:5      | Reached skill level 5 in Shields
  4036 | D:5      | Killed a yak
  4037 | D:5      | Reached XP level 8. HP: 35/58 MP: 8/8
  4811 | D:6      | Found a staircase to the Ecumenical Temple.
  5091 | D:6      | Reached skill level 10 in Shields
  5259 | D:6      | Found a bloodstained altar of Trog.
  5529 | Temple   | Entered the Ecumenical Temple
  5656 | Temple   | Became a worshipper of Makhleb the Destroyer
  5821 | D:7      | Reached XP level 9. HP: 63/63 MP: 9/9
  5836 | D:7      | Noticed a troll
  5850 | D:7      | Killed a troll
  6046 | D:7      | Reached * piety under Makhleb
  6218 | D:7      | Found a radiant altar of Vehumet.
  6293 | D:7      | Found a shimmering altar of Xom.
  6576 | D:8      | Noticed a two-headed ogre
  6580 | D:8      | Killed a two-headed ogre
  7429 | D:8      | Noticed Gastronok
  7441 | D:8      | Killed Gastronok
  7442 | D:8      | Reached XP level 10. HP: 48/70 MP: 10/10
  7947 | D:8      | Found a sparkling altar of Nemelex Xobeh.
  8297 | D:9      | Reached skill level 1 in Armour
  8484 | D:9      | Found a blossoming altar of Fedhas.
  8671 | D:9      | Noticed a tengu warrior
  8671 | D:9      | Noticed a tengu warrior
  8691 | D:9      | Killed a tengu warrior
  8817 | D:9      | Noticed a manticore
  8841 | D:9      | Killed a tengu warrior
  8842 | D:9      | Reached XP level 11. HP: 61/75 MP: 11/11
  8844 | D:9      | Noticed a tengu warrior
  8853 | D:9      | Killed a manticore
  8854 | D:9      | Reached skill level 5 in Armour
  8858 | D:9      | Killed a tengu warrior
  9299 | D:9      | Found Uhis's Antique Weapon Shoppe.
  9303 | D:9      | Bought a jewelled spear for 248 gold pieces
  9303 | D:9      | Identified the +8 spear of Lies {freeze, *Rage Str+4 Dex+3}
                  | (You bought it in a shop on level 9 of the Dungeon)
  9450 | D:10     | Entered Level 10 of the Dungeon
  9450 | D:10     | Found Keupeth's Evil Emporium.
  9546 | D:10     | Found a staircase to the Lair.
  9678 | D:10     | Identified the +5 chain mail of Qiackarph {SInv}
  9725 | D:10     | Reached ** piety under Makhleb
  9928 | D:10     | Found a runed translucent door.
  9930 | D:10     | Noticed Brisketman's ghost (novice FeEn)
  9935 | D:10     | Identified the +5 spear of Cedut {flame, rN++ Str+3}
  9962 | D:10     | Noticed a cyclops
  9966 | D:10     | Killed a cyclops
 10014 | D:10     | Noticed Lodul
 10032 | D:10     | Killed Lodul
 10033 | D:10     | Reached skill level 5 in Fighting
 10144 | D:10     | Found a portal to a secret trove of treasure.
 10357 | D:10     | Found a shadowy altar of Dithmenos.
 10357 | D:10     | Found a stormy altar of Qazlal.
 10357 | D:10     | Found a shimmering blue altar of Sif Muna.
 10374 | D:10     | Found a staircase to the Orcish Mines.
 10515 | D:10     | Found a sacrificial altar of Ru.
 10516 | D:10     | Found an iron altar of Okawaru.
 10518 | D:10     | Found a white marble altar of Elyvilon.
 10519 | D:10     | Found a hide-covered altar of Uskayaw.
 10525 | D:10     | Found a snail-covered altar of Cheibriados.
 10528 | D:10     | Found an ancient bone altar of Kikubaaqudgha.
 10529 | D:10     | Found a basalt altar of Yredelemnul.
 10908 | D:10     | Found a shadowy altar of Dithmenos.
 10910 | D:10     | Found a stormy altar of Qazlal.
 10911 | D:10     | Found a shimmering blue altar of Sif Muna.
 11385 | D:1      | Found a faded altar of an unknown god.
 13633 | D:4      | Found Vyinozxe's General Store.
 14307 | D:6      | Found a bloodstained altar of Trog.
 14605 | D:6      | Found a staircase to the Ecumenical Temple.
 14961 | D:7      | Found a radiant altar of Vehumet.
 15009 | D:7      | Found a shimmering altar of Xom.
 15902 | D:8      | Found a sparkling altar of Nemelex Xobeh.
 16460 | D:9      | Found a blossoming altar of Fedhas.
 16643 | D:9      | Found Uhis's Antique Weapon Shoppe.
 16749 | D:10     | Found Keupeth's Evil Emporium.
 16781 | D:10     | Reached skill level 1 in Invocations
 16802 | D:10     | Found a staircase to the Lair.
 17049 | D:10     | Found a portal to a secret trove of treasure.
 17110 | D:10     | Found a runed translucent door.
 17317 | D:10     | Found a sacrificial altar of Ru.
 17320 | D:10     | Found an iron altar of Okawaru.
 17324 | D:10     | Found a white marble altar of Elyvilon.
 17325 | D:10     | Found a hide-covered altar of Uskayaw.
 17328 | D:10     | Found a snail-covered altar of Cheibriados.
 17331 | D:10     | Found an ancient bone altar of Kikubaaqudgha.
 17332 | D:10     | Found a basalt altar of Yredelemnul.
 17406 | D:10     | Found a staircase to the Orcish Mines.
 17655 | D:10     | Killed Brisketman's ghost
 17656 | D:10     | Reached XP level 12. HP: 89/89 MP: 12/14
 18023 | D:11     | You fall into a shaft and drop 3 floors!
 18047 | D:14     | Noticed a centaur warrior
 18064 | D:14     | Killed a centaur warrior
 18065 | D:14     | Reached skill level 5 in Invocations
 18112 | D:14     | Noticed a catoblepas
 18112 | D:14     | Noticed a tengu warrior
 18112 | D:14     | Noticed a tengu warrior
 18115 | D:14     | Noticed a centaur warrior
 18147 | D:14     | Killed a catoblepas
 18161 | D:14     | Killed a tengu warrior
 18180 | D:14     | Killed a tengu warrior
 18280 | D:14     | Noticed a centaur warrior
 18288 | D:14     | Killed a centaur warrior
 18457 | D:14     | Noticed a centaur warrior
 18472 | D:14     | Killed a centaur warrior
 18497 | D:14     | Noticed Nessos
 18499 | D:14     | Noticed Azrael
 18519 | D:14     | Killed Azrael
 18520 | D:14     | Killed Nessos
 18642 | D:14     | Found Erithouh's Armour Boutique.
 18660 | D:14     | Bought the +0 pair of boots "Cias Hot" {rF+ Int+2 Stlth+}
                  | for 280 gold pieces
 18690 | D:14     | Reached *** piety under Makhleb
 18701 | D:14     | Reached skill level 10 in Invocations
 18702 | D:14     | Noticed a centaur warrior
 18715 | D:14     | Killed a centaur warrior
 18803 | D:14     | Reached XP level 13. HP: 92/94 MP: 19/21
 19102 | D:12     | Noticed Josephine
 19148 | D:12     | Killed Josephine
 19223 | D:11     | Identified the +2 ring mail of the Howling Gods {rElec
                  | rPois}
 19821 | D:12     | Noticed Frances
 19833 | D:12     | Slain by Frances

Illustrated notes

Levels and vault maps discovered:
D:1:      psy_arrival_whirlpool, layout_loops_ring,
          nicolae_ecumenical_snake_handling
D:2:      kennysheep_big_flooded_room, layout_loops_corners,
          minmay_randomly_rotated_circles
D:3:      layout_loops_cross, minmay_starry_boxes, uniq_sigmund
D:4:      layout_loops_corners, serial_shops, shop,
          kennysheep_opposing_triangles
D:5:      layout_loops_ring, moated_statue, st_stairs_1, dk_vineyard_1,
          minmay_divided_ellipse
D:6:      layout_basic, lemuel_coloured_pillars_altar,
          minmay_temple_entry_nine_rooms, minivault_25
D:7:      layout_gridville, mainiacjoe_overflow_six_doors_small,
          vehumet_crystals, glass_columns_a, fountainhead
D:8:      layout_basic, marbit_many_paths, hangedman_decor_lopped, worms_lemuel,
          uniq_gastronok
D:9:      minmay_blocky_corners, layout_long_grid, lemuel_tele_altar,
          serial_shops, nicolae_shop_back_alley_shop, kennysheep_generic_room_12
D:10:     statuecave_lemuel, layout_irregular_city,
          nicolae_overflow_hallway_of_the_gods,
          kennysheep_orc_monster_closet_entryway, trove_entry_hex_spiral,
          ebering_ghost_funeral_grove, nicolae_evil_shop, uniq_lodul
D:11:     layout_roguey
D:12:     layout_basic, billiards_dpeg, uniq_josephine, uniq_rupert,
          uniq_frances
D:13:     layout_loops_ring, grunt_gozag_breadcrumbs
D:14:     minmay_sliced_demisemicircle, layout_gridville,
          grunt_vaults_entry_tiered, serial_shops, shop, kennysheep_little_box,
          shop_fountains, shop, shop, zin_angel, uniq_roxanne, uniq_nessos,
          uniq_jorgrun, uniq_azrael
Temple:   nicolae_temple_superstar

Skill      XL: |  1  2  3  4  5  6  7  8  9 10 11 12 13 |
---------------+----------------------------------------+-----
Polearms       | 5 8 9 10 14 | 14.0
Fighting       | 3 6 |  6.5
Shields        | 6 10 13 14 | 14.0
Armour         | 4 7 8 |  8.0
Invocations    | 2 10 12 | 12.2
Throwing       | |  2.0
Dodging        | |  4.0

Action                     |  1- 3 |  4- 6 |  7- 9 | 10-12 | 13-15 || total
---------------------------+-------+-------+-------+-------+-------++-------
  Melee: Trident           |   140 |    83 |       |       |       ||   223
         Punch             |     1 |     1 |     1 |       |       ||     3
         Demon trident     |       |    35 |   230 |   521 |   102 ||   888
         Halberd           |       |     8 |       |       |       ||     8
         Tailslap          |       |       |       |     1 |       ||     1
 Invoke: Minor Destruction |       |       |       |     5 |       ||     5
  Evoke: Wand              |       |       |       |       |     1 ||     1
    Use: Potion            |       |     2 |       |     1 |       ||     3
         Scroll            |       |    10 |     1 |     1 |     8 ||    20
   Stab: Sleeping          |     1 |     5 |     4 |     1 |       ||    11
         Distracted        |       |       |     1 |       |       ||     1
 Armour: Leather armour    |    43 |    18 |    19 |       |       ||    80
         Chain mail        |       |       |     6 |   121 |    12 ||   139
         Shadow dragon sca |       |       |       |    44 |     8 ||    52
  Dodge: Dodged            |    88 |    46 |    54 |   146 |    25 ||   359
  Block: Kite shield       |       |       |    62 |   275 |    35 ||   372
